 Dungeon Crawl Stone Soup version 0.19-a0-1201-gda63bca (webtiles) character file.

2484973 McCoppin the Ninja (level 27, 285/319 HPs)
             Began as an Octopode Fighter on June 2, 2016.
             Was the Champion of Okawaru.
             Escaped with the Orb
             ... and 4 runes on Aug 20, 2016!
             The game lasted 06:20:47 (67934 turns).

McCoppin the Ninja (Octopode Fighter)              Turns: 67934, Time: 06:20:47

Health: 285/319    AC: 42    Str: 24    XL:     27
Magic:  41/41      EV: 42    Int: 14    God:    Okawaru [******]
Gold:   3724       SH: 24    Dex: 29    Spells: 5 memorised, 35 levels left

rFire  + + .     SeeInvis +     K - +9 quick blade of the Vine {drain, Fragile rC+ MR- Dex+9}
rCold  + + +     Gourm    .     Z - +4 shield of Too Many Cooks {rC+ MR+ Regen+ Dex-3}
rNeg   + + .     Faith    .     R - +3 crown of Dyrovepreva {rElec Int+2 SInv}
rPois  ∞         Spirit   .     F - +4 amulet of reflection
rElec  +         Dismiss  .     B - +5 ring of slaying
rCorr  .         Reflect  +     b - ring "Azuistao" {Fragile rF+ rC+ rN+}
MR     +++..     Harm     .     D - ring of Jeah {rF+ Str+5 SInv}
Stlth  ++++...... Rnd*Tele +    z - +4 ring of protection
                                P - ring of Gapocyg {EV+3 Str+4}
                                h - +6 ring of protection
                                d - ring of the Everdark {MR+ Dex+4 Slay+2}
                                a - +4 ring of protection

@: statue-form, very slow
A: almost no armour, amphibious, 8 rings, constrict 8, tentacle spike 1, (thin
metallic scales 0), camouflage 1, clumsy 1, cold resistance 1, mutation
resistance 1, robust 1, teleportitis 1, weak 1, (gelatinous body 0)
a: End Transformation, Heroism, Finesse, Renounce Religion
0: Orb of Zot
}: 4/15 runes: decaying, serpentine, silver, abyssal


You escaped.
You worshipped Okawaru.
Okawaru was exalted by your worship.
You were near starving.
You were a stone statue.
You visited 10 branches of the dungeon, and saw 54 of its levels.
You visited the Abyss 1 time.
You visited 2 bazaars.
You visited 1 ziggurat, and saw 9 of its levels.
You also visited: Trove and Ossuary.

You collected 9692 gold pieces.
You spent 5968 gold pieces at shops.

Inventory:

Hand Weapons
 f - a +9 quick blade of electrocution
 K - the +9 quick blade of the Vine (weapon) {drain, Fragile rC+ MR- Dex+9}
   (You acquired it on level 1 of the Lair of Beasts)

   A truly terrible weapon, it drains the life of those it strikes.
   It affects your dexterity (+9).
   It protects you from cold.
   It affects your resistance to hostile enchantments.
   It will be destroyed if unequipped.
Armour
 O - the +5 large shield of Lucidity {rPois rCorr Int+4}
   (Okawaru gifted it to you on level 5 of the Vaults)

   It affects your intelligence (+4).
   It protects you from poison.
   It protects you from acid and corrosion.
 R - the +3 crown of Dyrovepreva (worn) {rElec Int+2 SInv}
   (Okawaru gifted it to you on level 4 of the Snake Pit)

   It affects your intelligence (+2).
   It insulates you from electricity.
   It lets you see invisible.
 S - the +6 large shield of Ignorance {rN+ AC+4 Int-6 *Curse}
   (Okawaru gifted it to you on level 5 of the Realm of Zot)

   It affects your AC (+4).
   It affects your intelligence (-6).
   It protects you from negative energy.
   It may re-curse itself when equipped.
 Z - the +4 shield of Too Many Cooks (worn) {rC+ MR+ Regen+ Dex-3}
   (You acquired it on level 1 of the Lair of Beasts)

   It affects your dexterity (-3).
   It protects you from cold.
   It affects your resistance to hostile enchantments.
   It increases your rate of regeneration.
Jewellery
 a - a +4 ring of protection (on tentacle)
 b - the ring "Azuistao" (right tentacle) {Fragile rF+ rC+ rN+}
   (You bought it in a shop in a bazaar)

   [ring of protection from cold]

   It protects you from fire.
   It protects you from cold.
   It protects you from negative energy.
   It will be destroyed if unequipped.
 d - the ring of the Everdark (on tentacle) {MR+ Dex+4 Slay+2}
   (You found it on level 5 of the Vaults)

   [ring of protection from magic]

   It affects your dexterity (+4).
   It affects your accuracy and damage with ranged weapons and melee attacks
   (+2).
   It affects your resistance to hostile enchantments.
 h - a +6 ring of protection (on tentacle)
 q - a +4 ring of protection
 z - a +4 ring of protection (on tentacle)
 B - a +5 ring of slaying (left tentacle)
 C - the amulet of Vitality {Regen+ HP+15}
   (You found it on level 3 of the Depths)

   [amulet of regeneration]

   It affects your health (+15).
   It increases your rate of regeneration.
 D - the ring of Jeah (on tentacle) {rF+ Str+5 SInv}
   (You took it off a frost giant on level 5 of the Depths)

   [ring of protection from fire]

   It affects your strength (+5).
   It protects you from fire.
   It lets you see invisible.
 F - a +4 amulet of reflection (around mantle)
 P - the ring of Gapocyg (on tentacle) {EV+3 Str+4}
   (You bought it in a shop on level 3 of the Snake Pit)

   [ring of evasion]

   It affects your evasion (+3).
   It affects your strength (+4).
 X - a +2 ring of slaying
Wands
 n - a wand of hasting (5/9)
 Q - a wand of teleportation (3/9)
 T - a wand of digging (1/24)
 W - a wand of disintegration (4/24)
Scrolls
 g - 24 scrolls of teleportation
 j - 24 scrolls of remove curse
 k - 7 scrolls of enchant weapon
 m - 7 scrolls of holy word
 s - 5 scrolls of magic mapping
 v - 7 scrolls of recharging
 A - 12 scrolls of enchant armour
 E - 3 scrolls of blinking
 J - 3 scrolls of silence
 L - 5 scrolls of identify
 M - 6 scrolls of fear
 U - 3 scrolls of summoning
 V - 6 scrolls of fog
Potions
 c - 8 potions of might
 e - 2 potions of resistance
 i - 7 potions of berserk rage
 l - 7 potions of heal wounds
 p - 11 potions of haste
 r - 6 potions of flight
 t - 21 potions of curing
 u - 10 potions of agility
 w - 5 potions of brilliance
 x - 4 potions of invisibility
 y - 8 potions of cure mutation
 G - 2 potions of ambrosia
 H - 9 potions of magic
 I - 4 potions of cancellation
Comestibles
 o - 32 fruits
 N - 3 beef jerkies
 Y - 16 royal jellies


   Skills:
 O Level 27 Fighting
 - Level 10.1 Short Blades
 O Level 27 Dodging
 O Level 27 Stealth
 - Level 15.0 Shields
 + Level 14.9 Spellcasting
 - Level 2.1 Hexes
 - Level 11.0 Transmutations
 + Level 16.4 Earth Magic
 - Level 10.0 Invocations


You had 35 spell levels left.
You knew the following spells:

 Your Spells              Type           Power        Failure   Level  Hunger
a - Regeneration          Chrm/Necr      ##........   21%         3    None
b - Darkness              Hex            ###.......   100%        6    ######.
c - Passage of Golubria   Tloc           N/A          71%         4    ##.....
d - Statue Form           Tmut/Erth      #####....    4%          6    ######.
e - Summon Butterflies    Summ           ##......     10%         1    None


Dungeon Overview and Level Annotations

Branches:
Dungeon (15/15)            Temple (0/1) D:6            Lair (8/8) D:10
  Swamp (4/4) Lair:4        Snake (4/4) Lair:6        Slime (0/6) Lair:6
    Orc (2/2) D:9             Elf (3/3) Orc:2        Vaults (5/5) D:14
  Crypt (3/3) Vaults:3       Tomb (0/3) Crypt:3      Depths (5/5) D:15
    Zot (5/5) Depths:5

Altars:
Cheibriados
Dithmenos
Elyvilon
Fedhas
Gozag
Hepliaklqana
Kikubaaqudgha
Nemelex Xobeh
Okawaru
Qazlal
Ru
Trog
Uskayaw
Vehumet
Yredelemnul
Zin
Beogh
Jiyva

Shops:
D:6 ?   D:14 }   Orc:2 [(*?!   Elf:1 :   Elf:2 }   Snake:3 =   Vaults:2 (=:[
Vaults:3 (   Vaults:4 %   Depths:1 ((

Portals:
Hell: Depths:1 Depths:2 Depths:3 Depths:4 Depths:5
Abyss: Depths:4
Pandemonium: Depths:3 Depths:5

Annotations:
Swamp:4 exclusions: Roxanne and 1 more exclusion, Lernaean hydra, Roxanne


Innate Abilities, Weirdness & Mutations

You cannot wear most types of armour.
You are amphibious.
You can wear up to eight rings at the same time.
You can use your tentacles to constrict eight enemies at once.
Your skin changes colour to match your surroundings (Stealth+).
((Your rubbery body absorbs attacks. (AC +1, EV +1)))
One of your tentacles bears a spike.
((You are partially covered in thin metallic scales. (AC +2)))
You are clumsy. (Dex -2)
Your flesh is cold resistant. (rC+)
You are somewhat resistant to further mutation.
You are robust. (+10% HP)
You are occasionally teleported next to monsters.
You are weak. (Str -2)


Message History

You see here a trident.
A chaos spawn comes into view.
You puncture the crimson imp!
You kill the crimson imp!
Okawaru accepts your kill.
You barely miss the chaos spawn.
You pierce the chaos spawn.
You squeeze the chaos spawn.
The chaos spawn is moderately wounded.
You impale the chaos spawn!!
You kill the chaos spawn!
Okawaru accepts your kill.
The chaos spawn degenerates into a cloud of primal chaos!
No target in view!
No target in view!
There is a large open door here.
You see here a bat corpse.
There is a large open door here.
There is a large open door here.
There is a staircase leading out of the dungeon here.
You have escaped!

.# #.##≈.#≈....†.....≈#.≈##.#.##
.# #.##≈.#≈≈≈≈≈..≈≈≈≈≈#.≈##.#.##
.# #.##≈.######''######.≈##.#.##
.# #.##≈.#............#.≈.......
.# #.##≈.#≈≈≈≈§..≈≈≈≈≈#.≈##.#.##
.# #.##≈.#≈≈§§§§.≈≈≈≈≈#.≈##.#.#
.# #.##[.#....§§......#.≈#....#
.# #.##≈.######''######.≈#.#..#
.# #.##≈8#.....8......#8≈#....##
.####.##≈.##############.≈.......
........≈(.8.X........8..≈##.####
...##.##≈≈≈≈≈≈≈≈≈≈≈≈≈≈≈≈≈≈##.#
##.##.####........##.##.####.#
#.##................##.# #.#
#.####.###.#.###.......# #.#
#......# #.#.# #######.# #.#
######## #.#.#########.####.#


There were no monsters in sight!

Vanquished Creatures
  7 orbs of fire
  3 pandemonium lords
  8 ancient liches
  Mennas (Crypt:3)
  2 juggernauts
  3 greater mummies (Depths:3)
  Sojobo (Vaults:5)
  Frederick (Vaults:4)
  Vashnia (Snake:4)
  2 curse toes
  Saint Roka (Vaults:4)
  4 Killer Klowns (Zot:5)
  6 golden dragons
  A caustic shrike (Depths:5)
  2 iron giants (Zig:7)
  A bone dragon (Zig:8)
  A Brimstone Fiend (D:1)
  Jorgrun (Vaults:1)
  12 liches
  A shard shrike zombie (Crypt:2)
  Rupert (D:13)
  3 electric golems
  23 tentacled monstrosities
  2 quicksilver dragons
  29 Orb Guardians
  An Executioner (D:1)
  4 deep elf blademasters
  3 titans
  2 tentacled starspawn
  6 ancient champions
  Gastronok (Lair:2)
  3 death cobs
  5 thorn hunters
  10 sphinxes
  11 tengu reavers
  3 revenants
  14 shadow dragons
  A storm dragon (shapeshifter) (Depths:4)
  10 storm dragons
  2 draconian monks
  2 azure jellies (Lair:6)
  9 greater nagas
  4 draconian knights
  14 fire giants
  Donald (Swamp:4)
  3 iron dragons
  18 frost giants
  2 ghost moths
  16 vault wardens
  10 deep elf sorcerers
  A draconian scorcher (Zot:4)
  A black sun (D:1)
  2 curse skulls (Crypt:3)
  A juggernaut zombie (Depths:3)
  4 large abominations
  2 draconian shifters
  5 draconian annihilators
  2 draconian zealots (Zot:4)
  20 very ugly things
  3 reapers (Crypt:3)
  8 ghouls
  5 war gargoyles
  4 deep elf elementalists
  4 starcursed masses
  17 ironheart preservers
  5 spriggan defenders
  14 stone giants
  4 draconian callers
  9 vampire knights
  6 green draconians
  5 deep elf demonologists
  2 black draconians
  15 deep elf annihilators
  5 purple draconians
  6 mottled draconians
  6 white draconians
  5 yellow draconians
  14 spark wasps
  Azrael (Snake:1)
  5 red draconians
  18 eidola
  A merfolk javelineer (Abyss:4)
  The ghost of Kenran the Destroyer, a journeyman DrCj of Vehumet (Lair:3)
  25 ettins
  4 deep elf high priests
  A crystal guardian (Zig:7)
  16 fire dragons
  2 jiangshi (Depths:2)
  8 deep elf death magi
  33 vault guards
  A blizzard demon (D:1)
  4 entropy weavers
  The ghost of tstbtto the Severer, a journeyman DDGl of Ru (D:11)
  17 yaktaur captains
  18 ice dragons
  8 rakshasas
  15 great orbs of eyes
  5 mummy priests
  15 naga warriors
  2 catoblepae
  A ghost crab (Swamp:3)
  20 hydras
  9 spriggan air magi
  5 anacondas
  A monstrous demonspawn (D:1)
  11 centaur warriors
  13 ogre magi
  9 tengu warriors
  8 alligators
  5 death knights
  12 naga sharpshooters
  A titan zombie (Crypt:3)
  A deep troll earth mage (Depths:1)
  8 deep troll shamans
  37 dancing weapons
  4 vampire magi
  7 soul eaters (Crypt:3)
  A thrashing horror (Abyss:4)
  2 orc high priests
  10 shock serpents
  A sun demon (D:1)
  3 spriggan berserkers
  25 deep elf knights
  8 hell knights (Depths:3)
  2 iron golems (Zig:7)
  Sonja (D:15)
  22 skeletal warriors
  3 fire crabs
  4 iron trolls (Depths:5)
  2 fire crabs (shapeshifter)
  4 salamander mystics
  3 wretched stars
  A death scarab (Zig:6)
  2 unseen horrors (D:15)
  12 swamp dragons
  4 wizards
  2 storm dragon skeletons
  8 giant orange brains
  4 shadow wraiths
  A gelid demonspawn (D:10)
  21 deep elf archers
  6 flayed ghosts
  27 deep trolls
  3 shambling mangroves
  3 harpies (shapeshifter)
  A tengu zombie (Depths:3)
  13 harpies
  18 ironbrand convokers
  A putrid demonspawn (D:1)
  4 wolf spiders
  9 hill giants
  6 naga ritualists
  66 ugly things
  5 oklob plants
  12 mana vipers
  An anaconda skeleton (Crypt:3)
  20 necromancers
  A wolf spider zombie (Crypt:3)
  4 orc knights
  20 phantasmal warriors
  70 deep elf magi
  8 griffons
  A worldbinder (Abyss:4)
  A salamander (shapeshifter) (Depths:5)
  2 hornets
  A griffon (shapeshifter) (Vaults:5)
  10 cyclopes
  2 frost giant zombies
  9 orc sorcerers
  A fire giant zombie (Depths:3)
  2 iron dragon skeletons
  14 elephants
  10 guardian serpents
  3 human skeletons
  A frost giant skeleton (Depths:3)
  An apocalypse crab (Abyss:4)
  11 salamanders
  28 moths of wrath
  2 stone giant skeletons (Crypt:3)
  5 smoke demons
  A shock serpent zombie (Crypt:2)
  2 torpor snails (shapeshifter)
  16 eyes of devastation (Depths:2)
  39 black mambas
  2 octopodes (shapeshifter) (Vaults:4)
  24 spiny frogs
  A dire elephant zombie (Crypt:1)
  16 vault sentinels
  A centaur skeleton (D:12)
  2 eyes of devastation (shapeshifter)
  10 naga magi
  A dire elephant skeleton (Crypt:3)
  4 kobold demonologists
  67 yaktaurs
  A rime drake (Lair:4)
  8 komodo dragons
  An efreet (D:1)
  2 spriggan druids
  2 tengu conjurers
  16 hellwings
  5 guardian mummies
  3 ice devils
  A yaktaur skeleton (Vaults:4)
  4 jumping spiders
  20 freezing wraiths
  A merfolk (shapeshifter) (Depths:4)
  12 trolls
  2 ancient zymes (Abyss:4)
  A queen bee (Lair:2)
  2 wind drakes (shapeshifter)
  10 polar bears (Lair:8)
  A polar bear (shapeshifter) (Vaults:4)
  4 giant leeches
  A red devil (D:1)
  A merfolk (D:9)
  22 blink frogs
  A blink frog (shapeshifter) (Vaults:4)
  18 two-headed ogres
  A tarantella zombie (Crypt:2)
  7 boulder beetles
  5 raiju
  45 slime creatures
  6 bog bodies
  A harpy skeleton (Crypt:3)
  5 ushabtiu
  An alligator zombie (Crypt:3)
  7 flying skulls
  A death drake skeleton (Crypt:2)
  2 fire dragon zombies (Crypt:3)
  A tarantella (Depths:2)
  2 ynoxinuls
  14 redbacks
  3 shadows
  7 water elementals
  3 wyverns
  A spriggan (shapeshifter) (Vaults:4)
  10 air elementals
  An ice dragon skeleton (Crypt:3)
  2 tarantellas (shapeshifter)
  Sigmund (D:3)
  26 spriggans
  A vampire (D:13)
  A black mamba zombie (Crypt:3)
  A hippogriff (shapeshifter) (Vaults:2)
  38 yaks
  7 wraiths
  2 elf zombies (Depths:3)
  3 fire elementals
  18 humans (D:14)
  7 hippogriffs
  A golden eye (shapeshifter) (Depths:4)
  3 basilisks
  3 chaos spawn
  4 neqoxecs
  A golden eye (Depths:2)
  2 hungry ghosts
  A human (shapeshifter) (Vaults:2)
  44 vampire mosquitoes
  A steam dragon (shapeshifter) (Depths:4)
  20 wargs
  A steam dragon (D:9)
  A naga (shapeshifter) (Depths:5)
  4 insubstantial wisps
  25 swamp worms
  2 spiny frog zombies (Crypt:3)
  A gelid demonspawn skeleton (Crypt:1)
  17 water moccasins
  67 nagas
  6 hell hounds
  A giant eyeball (shapeshifter) (Depths:4)
  Purgy (D:3)
  7 porcupines
  A putrid demonspawn skeleton (Crypt:2)
  4 sky beasts
  2 torturous demonspawn skeletons
  6 ice beasts
  A black bear (shapeshifter) (Depths:5)
  35 orc warriors
  10 swamp drakes
  3 phantoms
  26 wasps
  An ettin simulacrum (Vaults:1)
  A swamp dragon zombie (Crypt:3)
  An eye of draining (D:15)
  4 black bears
  5 necrophages
  69 ogres
  23 wolves
  15 centaurs
  A wolf (shapeshifter) (Depths:4)
  An ogre (shapeshifter) (D:14)
  An anubis guard skeleton (Crypt:2)
  13 boggarts
  23 crocodiles
  3 big kobolds
  4 small abominations
  25 giant frogs
  5 earth elementals
  A wyvern zombie (D:14)
  7 wyvern skeletons
  10 scorpions
  3 human simulacra
  37 killer bees
  A spriggan zombie (Crypt:1)
  2 hippogriff skeletons (Crypt:2)
  8 wights
  10 electric eels
  4 howler monkeys
  A wolf zombie (Crypt:2)
  4 crimson imps
  2 giant frog zombies
  5 jellies
  2 quasits
  11 centaur zombies
  10 human zombies
  21 orc priests
  8 hounds
  3 giant frog skeletons
  2 iron imps
  11 hell rats (Lair:1)
  10 iguanas
  52 orc wizards
  A lightning spire (Zig:9)
  11 worker ants
  32 sheep
  A killer bee zombie (D:7)
  3 big kobold zombies (Ossuary)
  2 hound skeletons
  16 mummies
  2 worker ant zombies
  A hell rat zombie (Crypt:2)
  16 gnolls
  2 scorpion zombies (Ossuary)
  16 adders
  78 river rats
  A steam dragon skeleton (Crypt:1)
  4 shadow imps
  2 ufetubi
  12 oozes
  2 adder skeletons
  An adder zombie (D:6)
  23 worms
  2 dart slugs
  5 giant geckos
  146 orcs
  A ball python (D:3)
  10 bats
  A bat skeleton (Crypt:1)
  8 giant cockroaches
  3 gnoll zombies (Ossuary)
  12 goblins
  12 hobgoblins
  24 jackals
  24 kobolds
  7 quokkas
  A ball python zombie (Crypt:1)
  3 giant newts
  2 goblin zombies (Ossuary)
  A jackal skeleton (D:4)
  2 kobold zombies (Ossuary)
  3 orc zombies
  A quokka skeleton (D:5)
  23 rats
  2 briar patches (Swamp:3)
  5 lost souls (Crypt:3)
  A lurking horror (Abyss:4)
  2 plants (Lair:3)
  A starspawn tentacle (Zig:8)
3152 creatures vanquished.

Vanquished Creatures (others)
  Nikola (Elf:1)
  2 deep elf master archers (Elf:3)
  A frost giant (Depths:5)
  2 deep elf elementalists
  2 very ugly things (Depths:1)
  A stone giant (Vaults:5)
  A spark wasp (Depths:1)
  3 yaktaur captains (Vaults:5)
  A centaur warrior (Depths:1)
  A deep troll shaman (Depths:5)
  A naga sharpshooter (Snake:4)
  A cyclops (Vaults:2)
  2 ugly things (Depths:1)
  2 yaktaurs
  A tengu conjurer (Depths:1)
  5 centaurs (Depths:1)
  A boggart (Depths:2)
  An ogre (Depths:4)
  A mummy (Ossuary)
  A hobgoblin zombie (Ossuary)
  8 fungi
  2 plants (Zig:6)
  4 starspawn tentacles
  12 starspawn tentacle segments
  8 toadstools (Swamp:1)
  2 withered plants (Crypt:3)
67 creatures vanquished.

Grand Total: 3219 creatures vanquished

Notes
Turn   | Place    | Note
-------+----------+-------------------------------------------
     0 | D:1      | McCoppin the Octopode Fighter began the quest for the Orb.
     0 | D:1      | Reached XP level 1. HP: 16/16 MP: 1/1
    96 | D:1      | Reached XP level 2. HP: 19/21 MP: 2/2
   562 | D:2      | Reached XP level 3. HP: 20/26 MP: 3/3
   649 | D:2      | Reached XP level 4. HP: 26/32 MP: 4/4
   901 | D:2      | Reached XP level 5. HP: 8/37 MP: 5/5
  1829 | D:3      | Reached skill level 5 in Short Blades
  1829 | D:3      | Reached XP level 6. HP: 36/44 MP: 6/6
  2113 | D:3      | Found an iron altar of Okawaru.
  2116 | D:3      | Became a worshipper of Warmaster Okawaru
  2481 | D:3      | Found a white marble altar of Elyvilon.
  2488 | D:3      | Found a hazy altar of Hepliaklqana.
  2607 | D:3      | Noticed Sigmund
  2619 | D:3      | Killed Sigmund
  2619 | D:3      | Reached skill level 5 in Fighting
  2619 | D:3      | Reached XP level 7. HP: 34/50 MP: 7/7
  2630 | D:3      | Noticed Purgy
  2667 | D:3      | Killed Purgy
  2762 | D:3      | Gained mutation: You have an increased reservoir of magic. (+10% MP) [potion of mutation]
  2762 | D:3      | Gained mutation: You are robust. (+10% HP) [potion of mutation]
  2762 | D:3      | Gained mutation: You are weak. (Str -2) [potion of mutation]
  2763 | D:3      | Gained mutation: You are very robust. (+20% HP) [potion of beneficial mutation]
  2764 | D:3      | Gained mutation: You are partially covered in thin metallic scales. (AC +2) [potion of beneficial mutation]
  3144 | D:3      | Found a snail-covered altar of Cheibriados.
  3278 | D:4      | Reached * piety under Okawaru
  3530 | D:4      | Reached XP level 8. HP: 68/68 MP: 8/8
  3566 | D:4      | Found a sand-covered staircase.
  3573 | Ossuary  | Entered an ossuary
  4092 | Ossuary  | Reached ** piety under Okawaru
  4534 | Ossuary  | Gained mutation: You are somewhat resistant to further mutation. [potion of beneficial mutation]
  4808 | D:5      | Entered Level 5 of the Dungeon
  5395 | D:5      | Reached XP level 9. HP: 70/76 MP: 9/9
  5681 | D:6      | Found a basalt altar of Yredelemnul.
  5725 | D:6      | Found an oddly glowing altar of Pakellas.
  5842 | D:6      | Found a bloodstained altar of Trog.
  6060 | D:6      | Found Zatremou's Magic Scroll Shop.
  6068 | D:6      | Bought a scroll of teleportation for 42 gold pieces
  6068 | D:6      | Bought a scroll of magic mapping for 49 gold pieces
  6068 | D:6      | Bought a scroll of identify for 28 gold pieces
  6068 | D:6      | Bought a scroll of magic mapping for 49 gold pieces
  6134 | D:6      | Reached *** piety under Okawaru
  6191 | D:6      | Reached skill level 10 in Short Blades
  6489 | D:6      | Reached skill level 1 in Stealth
  6539 | D:6      | Found a hide-covered altar of Uskayaw.
  6566 | D:6      | Found an ancient bone altar of Kikubaaqudgha.
  6597 | D:6      | Found a staircase to the Ecumenical Temple.
  6884 | D:7      | Received a gift from Okawaru
  6907 | D:7      | Found a white marble altar of Elyvilon.
  7290 | D:7      | Found a shadowy altar of Dithmenos.
  7339 | D:7      | Found a glowing silver altar of Zin.
  7725 | D:7      | Reached skill level 5 in Stealth
  7738 | D:7      | Reached XP level 10. HP: 20/87 MP: 11/11
  8170 | D:8      | Reached skill level 5 in Dodging
  8474 | D:8      | Reached **** piety under Okawaru
  8631 | D:8      | Found a sparkling altar of Nemelex Xobeh.
  9258 | D:9      | Found a staircase to the Orcish Mines.
  9469 | D:9      | Found a radiant altar of Vehumet.
  9517 | D:9      | Found a blossoming altar of Fedhas.
  9543 | D:9      | Found a stormy altar of Qazlal.
  9577 | D:9      | Found a sacrificial altar of Ru.
 10290 | D:9      | Reached ***** piety under Okawaru
 10342 | D:9      | Found a radiant altar of Vehumet.
 10365 | D:10     | Entered Level 10 of the Dungeon
 10369 | D:10     | Identified a scroll of acquirement
 10423 | D:9      | Got an encrusted shield
 10434 | D:9      | Identified the +5 shield of Cerea {rC+ Int+3} (You acquired it on level 9 of the Dungeon)
 10618 | D:10     | Reached skill level 10 in Fighting
 10650 | D:10     | Reached XP level 11. HP: 97/97 MP: 12/12
 11404 | D:10     | Found a staircase to the Lair.
 11415 | D:10     | Reached skill level 5 in Shields
 11567 | D:10     | Reached skill level 10 in Stealth
 11962 | Lair:1   | Entered Level 1 of the Lair of Beasts
 12543 | Lair:1   | Received a gift from Okawaru
 12877 | Lair:2   | Noticed Gastronok
 13303 | Lair:1   | Got an ichor-stained shield
 13314 | Lair:1   | Identified the +4 shield of Too Many Cooks {rC+ MR+ Regen+ Dex-3} (You acquired it on level 1 of the Lair of Beasts)
 13324 | Lair:1   | Got a twisted quick blade
 13325 | Lair:1   | Identified the +9 quick blade of the Vine {drain, Fragile rC+ MR- Dex+9} (You acquired it on level 1 of the Lair of Beasts)
 13491 | Lair:2   | Learned a level 3 spell: Regeneration
 13789 | Lair:2   | Noticed an oklob plant
 13825 | Lair:2   | Killed an oklob plant
 13825 | Lair:2   | Reached XP level 12. HP: 104/104 MP: 5/13
 14252 | Lair:3   | Reached skill level 1 in Invocations
 14281 | Lair:3   | Noticed Kenran's ghost (journeyman DrCj)
 14334 | Lair:3   | Killed Kenran's ghost
 14730 | Lair:3   | Reached skill level 10 in Shields
 14807 | Lair:3   | Noticed a four-headed hydra
 14814 | Lair:3   | Killed a four-headed hydra
 14898 | Lair:3   | Received a gift from Okawaru
 15428 | Lair:4   | Found a staircase to the Swamp.
 15543 | Lair:4   | Reached skill level 5 in Invocations
 16087 | Lair:5   | Reached XP level 13. HP: 93/110 MP: 19/19
 16357 | Lair:5   | Reached ****** piety under Okawaru
 16427 | Lair:5   | Received a gift from Okawaru
 16440 | Lair:5   | Got a brightly glowing dagger {god gift}
 16951 | Lair:6   | Found a staircase to the Snake Pit.
 17006 | Lair:6   | Found a runed door.
 17006 | Lair:6   | Found a viscous altar of Jiyva.
 17007 | Lair:6   | Noticed an azure jelly
 17008 | Lair:6   | Found a staircase to the Slime Pits.
 17008 | Lair:6   | Noticed an azure jelly
 17073 | Lair:6   | Killed an azure jelly
 17085 | Lair:6   | Killed an azure jelly
 17145 | Lair:6   | Received a gift from Okawaru
 17541 | Lair:6   | Reached XP level 14. HP: 108/118 MP: 22/22
 18367 | Lair:7   | Reached skill level 15 in Shields
 18707 | Lair:8   | Entered Level 8 of the Lair of Beasts
 18874 | Lair:8   | Received a gift from Okawaru
 18877 | Lair:8   | Reached skill level 10 in Invocations
 20045 | Lair:2   | Killed Gastronok
 20045 | Lair:2   | Received a gift from Okawaru
 20046 | Lair:2   | Got an encrusted shield {god gift}
 20059 | Lair:2   | Identified the +1 shield of Spite {rPois MR+ MP+9 Int-2} (Okawaru gifted it to you on level 2 of the Lair of Beasts)
 20204 | D:11     | Noticed tstbtto's ghost (journeyman DDGl)
 20272 | D:11     | Killed tstbtto's ghost
 20293 | D:11     | Found a portal to a secret trove of treasure.
 20513 | D:11     | Reached XP level 15. HP: 128/128 MP: 24/24
 21118 | D:12     | Reached skill level 10 in Dodging
 21210 | D:13     | Noticed Rupert
 21217 | D:13     | Killed Rupert
 21515 | D:13     | Found a roughly hewn altar of Beogh.
 21672 | D:13     | Received a gift from Okawaru
 21683 | D:13     | Got a brightly glowing rapier {god gift}
 21961 | D:13     | Noticed a storm dragon
 22238 | D:13     | Killed a storm dragon
 22263 | D:13     | Noticed a storm dragon
 22267 | D:13     | Noticed a sphinx
 22348 | D:13     | Killed a storm dragon
 22365 | D:13     | Received a gift from Okawaru
 22374 | D:13     | Killed a sphinx
 22478 | D:13     | Got a translucent short sword
 22578 | D:11     | Upgraded the game from 0.19-a0-459-gb8ed64d to 0.19-a0-465-g1d1674b
 22579 | D:11     | You paid a toll of a +8 demon blade to enter a treasure trove
 22580 | Trove    | Entered a treasure trove
 22695 | Trove    | Got a faintly glowing trident
 22912 | D:14     | Reached XP level 16. HP: 129/140 MP: 25/25
 23097 | D:14     | Found a gate to the Vaults.
 23161 | D:14     | Reached XP level 17. HP: 135/150 MP: 26/26
 23201 | D:14     | Found Kuitwuq's Quality Used Wands.
 23241 | D:14     | Bought a wand of hasting (0/9) for 336 gold pieces
 23504 | D:14     | Received a gift from Okawaru
 23666 | D:15     | Entered Level 15 of the Dungeon
 23681 | D:15     | Found an opulent altar of Gozag.
 23729 | D:15     | Noticed Sonja
 23766 | D:15     | Killed Sonja
 24100 | D:15     | Found a staircase to the Depths.
 24818 | Orc:1    | Entered Level 1 of the Orcish Mines
 24862 | Orc:1    | Reached skill level 15 in Fighting
 25141 | Orc:2    | Entered Level 2 of the Orcish Mines
 25141 | Orc:2    | Found Gumeghou's General Store.
 25280 | Orc:2    | Found Doisopra's Magic Scroll Emporium.
 25300 | Orc:2    | Found Kecoruo's Distillery.
 25713 | Orc:2    | Found a roughly hewn altar of Beogh.
 25856 | Orc:2    | Found a staircase to the Elven Halls.
 25977 | Orc:2    | Found Xeskizal's Antique Armour Emporium.
 25982 | Orc:2    | Received a gift from Okawaru
 26004 | Orc:2    | Found Juaseeto's Weapon Shop.
 26069 | Orc:2    | Bought a scroll of acquirement for 676 gold pieces
 26069 | Orc:2    | Bought a scroll of identify for 26 gold pieces
 26072 | Orc:2    | Got an ichor-stained buckler
 26083 | Orc:2    | Identified the +0 buckler "Muscheumm" {*Contam +Blink rCorr Dex+4 SInv} (You acquired it on level 2 of the Orcish Mines)
 26156 | Orc:2    | Bought 2 potions of cancellation for 224 gold pieces
 26156 | Orc:2    | Bought a potion of mutation for 35 gold pieces
 26156 | Orc:2    | Bought a potion of might for 56 gold pieces
 26156 | Orc:2    | Bought a potion of curing for 42 gold pieces
 26156 | Orc:2    | Bought a potion of might for 56 gold pieces
 26156 | Orc:2    | Bought 2 potions of heal wounds for 140 gold pieces
 26156 | Orc:2    | Bought a potion of haste for 140 gold pieces
 26156 | Orc:2    | Bought a potion of berserk rage for 70 gold pieces
 26156 | Orc:2    | Bought a potion of berserk rage for 70 gold pieces
 26166 | Orc:2    | Bought a scroll of recharging for 123 gold pieces
 26166 | Orc:2    | Bought a scroll of summoning for 123 gold pieces
 26166 | Orc:2    | Bought a scroll of holy word for 97 gold pieces
 26195 | Orc:2    | Bought 23 stones for 36 gold pieces
 26195 | Orc:2    | Bought a potion of curing for 48 gold pieces
 26195 | Orc:2    | Bought a potion of curing for 48 gold pieces
 26605 | Swamp:1  | Entered Level 1 of the Swamp
 26814 | Swamp:1  | Reached skill level 15 in Dodging
 27198 | Swamp:2  | Reached XP level 18. HP: 162/162 MP: 28/28
 27747 | Swamp:2  | Received a gift from Okawaru
 29034 | Swamp:4  | Entered Level 4 of the Swamp
 29383 | Swamp:3  | Received a gift from Okawaru
 29436 | Swamp:4  | Noticed Roxanne
 29647 | Swamp:4  | Noticed the 27-headed Lernaean hydra
 29923 | Snake:1  | Entered Level 1 of the Snake Pit
 29946 | Snake:1  | Noticed Azrael
 29955 | Snake:1  | Reached skill level 15 in Stealth
 29999 | Snake:1  | HP: 5/164 [hell hound/blast of flame[Azrael] (16)]
 30009 | Lair:6   | HP: 8/164 [poisoned by a black mamba]
 30401 | Elf:1    | Entered Level 1 of the Elven Halls
 30415 | Elf:1    | Found a radiant altar of Vehumet.
 30495 | Elf:1    | Lost mutation: You are very robust. (+20% HP) [potion of mutation]
 30495 | Elf:1    | Gained mutation: Your flesh is cold resistant. (rC+) [potion of mutation]
 30497 | Elf:1    | Gained mutation: One of your tentacles bears a spike. [potion of mutation]
 30539 | Elf:1    | Noticed Nikola
 30552 | Elf:1    | Killed Nikola
 31406 | Elf:1    | Found Viric's One-of-a-Kind Books.
 31414 | Elf:1    | Reached XP level 19. HP: 158/158 MP: 29/29
 32127 | Elf:2    | Found Nuuvvana's Gadget Shoppe.
 32227 | Elf:2    | Found a runed gate.
 32227 | Elf:2    | Found a runed gate.
 32238 | Elf:2    | Found a runed gate.
 32351 | Elf:2    | Received a gift from Okawaru
 32597 | Elf:2    | Got a shimmering shield {god gift}
 32617 | Elf:2    | Identified the +7 shield "Vuxkaoc" {Str+2} (Okawaru gifted it to you on level 2 of the Elven Halls)
 33229 | Elf:3    | Entered Level 3 of the Elven Halls
 33266 | Elf:3    | Identified the +7 rapier "Hydra's Nightmare" {pierce, rC+ rN+ Dex-5} (Okawaru gifted it to you on level 13 of the Dungeon)
 33267 | Elf:3    | Identified the +4 dagger "Xihulypt" {pierce, *Corrode rElec Int+4} (Okawaru gifted it to you on level 5 of the Lair of Beasts)
 33268 | Elf:3    | Identified the +2 short sword of Contention {pain, rPois rF+ Int+2} (You found it on level 13 of the Dungeon)
 33885 | Elf:3    | Noticed a Brimstone Fiend
 34107 | Elf:3    | Reached XP level 20. HP: 129/169 MP: 30/30
 34404 | Elf:3    | Got a scorched triple crossbow
 34405 | Elf:3    | Identified the cursed +0 triple crossbow of Fortitude {elec, rPois Stlth+} (You found it on level 3 of the Elven Halls)
 35052 | Elf:2    | Received a gift from Okawaru
 35461 | Swamp:4  | Noticed Donald
 35507 | Swamp:4  | Killed Donald
 35626 | Swamp:4  | Got a decaying rune of Zot
 35921 | Snake:1  | Killed Azrael
 37384 | Snake:3  | Found Sunyla's Jewellery Shoppe.
 37414 | Snake:3  | Bought the ring of Gapocyg {EV+3 Str+4} for 509 gold pieces
 37414 | Snake:3  | Bought a +4 ring of protection for 504 gold pieces
 38444 | Snake:4  | Entered Level 4 of the Snake Pit
 38490 | Snake:4  | Reached XP level 21. HP: 179/179 MP: 31/31
 39196 | Snake:4  | Received a gift from Okawaru
 39320 | Snake:4  | Received a gift from Okawaru
 39656 | Snake:4  | Noticed Vashnia
 39874 | Snake:4  | Got a serpentine rune of Zot
 39934 | Snake:4  | Killed Vashnia
 40371 | Vaults:1 | Entered Level 1 of the Vaults
 41061 | Vaults:1 | Noticed Jorgrun
 41068 | Vaults:1 | Killed Jorgrun
 41269 | Vaults:1 | Received a gift from Okawaru
 41895 | Vaults:2 | Received a gift from Okawaru
 41944 | Vaults:2 | Found Leweupon's Jewellery Shop.
 41958 | Vaults:2 | Bought a +4 ring of dexterity for 378 gold pieces
 41961 | Vaults:2 | Bought a +2 ring of evasion for 140 gold pieces
 41967 | Vaults:2 | Found a gateway to a bazaar.
 42238 | Vaults:2 | Reached skill level 27 in Stealth
 42249 | Vaults:2 | Reached XP level 22. HP: 189/189 MP: 32/32
 42284 | Vaults:2 | Found Naihibom's Book Emporium.
 42565 | Vaults:2 | Found Sipuunyr's Antique Weapon Shop.
 42678 | Vaults:2 | Found Uckaomigg's Armour Boutique.
 43646 | Vaults:3 | Received a gift from Okawaru
 43677 | Vaults:3 | Got a polished short sword {god gift}
 43678 | Vaults:3 | Identified the +6 short sword "Loadyniw" {venom, -Tele +Rage rF- Str+5} (Okawaru gifted it to you on level 3 of the Vaults)
 43759 | Vaults:3 | Found Vynocigo's Weapon Boutique.
 44022 | Vaults:3 | Found a staircase to the Crypt.
 44556 | Vaults:4 | Found Kicyokam's Food Boutique.
 44711 | Vaults:4 | Received a gift from Okawaru
 44727 | Vaults:4 | Cast into level 3 of the Abyss (a deep elf sorcerer)
 45241 | Abyss:4  | Reached XP level 23. HP: 201/201 MP: 26/33
 45249 | Abyss:4  | Got an abyssal rune of Zot
 45382 | Vaults:4 | Escaped the Abyss
 46093 | Vaults:4 | Noticed Saint Roka
 46128 | Vaults:4 | Killed Saint Roka
 46441 | Bazaar   | Entered a bazaar
 46459 | Bazaar   | Found Zeecelir's Distillery.
 46472 | Bazaar   | Found Qyut's Armour Boutique.
 46472 | Bazaar   | Found Juigho's Food Shop.
 46501 | Bazaar   | Found Atoimur's Jewellery Shop.
 46517 | Bazaar   | Bought the ring "Azuistao" {Fragile rF+ rC+ rN+} for 338 gold pieces
 46517 | Bazaar   | Bought a +6 ring of protection for 702 gold pieces
 46564 | Bazaar   | Bought a potion of heal wounds for 35 gold pieces
 46564 | Bazaar   | Bought a potion of curing for 21 gold pieces
 46564 | Bazaar   | Bought a potion of curing for 21 gold pieces
 46564 | Bazaar   | Bought a potion of curing for 21 gold pieces
 46564 | Bazaar   | Bought 2 potions of heal wounds for 70 gold pieces
 46733 | Depths:1 | Entered Level 1 of the Depths
 46733 | Depths:1 | Found Kuah's Weapon Boutique.
 46806 | Depths:1 | Received a gift from Okawaru
 46807 | Depths:1 | Got a distressingly furry large shield {god gift}
 46818 | Depths:1 | Identified the +4 large shield "Zupazy" {MR+ Dex+3} (Okawaru gifted it to you on level 1 of the Depths)
 46873 | Depths:1 | Found a flickering gateway to a bazaar.
 46914 | Bazaar   | Entered a bazaar
 46914 | Bazaar   | Found Bezurevuu's Assorted Antiques.
 46914 | Bazaar   | Found Mabeiwu's Food Emporium.
 46916 | Bazaar   | Found Dicwurel's Food Emporium.
 46920 | Bazaar   | Found Suwat's Distillery.
 47497 | Depths:1 | Found a gateway to Hell.
 47510 | Depths:1 | Found Ypiloah's Weapon Boutique.
 48770 | Depths:2 | Paralysed by a great orb of eyes for 2 turns
 48883 | Depths:2 | Reached XP level 24. HP: 164/213 MP: 33/33
 49029 | Depths:2 | Received a gift from Okawaru
 49097 | Depths:2 | Got a bloodstained arbalest
 49098 | Depths:2 | Identified the cursed +0 arbalest "Fuirufru" {velocity, Str+4} (You found it on level 2 of the Depths)
 49409 | Depths:3 | Found a one-way gate leading to the halls of Pandemonium.
 49647 | Depths:3 | Received a gift from Okawaru
 49758 | Depths:3 | Noticed a greater mummy
 49763 | Depths:3 | Killed a greater mummy
 50031 | Depths:3 | Noticed a greater mummy
 50038 | Depths:3 | Killed a greater mummy
 50087 | Depths:3 | Noticed a greater mummy
 50115 | Depths:3 | Killed a greater mummy
 50825 | Depths:4 | Found a one-way gate to the infinite horrors of the Abyss.
 50842 | Depths:4 | Received a gift from Okawaru
 50878 | Depths:4 | Got a pitted buckler {god gift}
 50879 | Depths:4 | Identified the +0 buckler of Yzim {rCorr Str+3 Dex-2} (Okawaru gifted it to you on level 4 of the Depths)
 51660 | Depths:4 | Reached XP level 25. HP: 222/222 MP: 33/33
 51771 | Depths:4 | Noticed a juggernaut
 51978 | Depths:4 | Killed a juggernaut
 51978 | Depths:4 | Received a gift from Okawaru
 51983 | Depths:4 | Got a shimmering large shield {god gift}
 52000 | Depths:4 | Identified the +3 large shield of Pakeh {Dex+4 Stlth+} (Okawaru gifted it to you on level 4 of the Depths)
 52222 | Depths:4 | Got a fine short sword
 52223 | Depths:4 | Identified the +3 short sword "Setuzuqa" {drain, rElec rPois rF- Dex-2} (You acquired it on level 4 of the Depths)
 52228 | Depths:4 | Got a shimmering hunting sling
 52249 | Depths:4 | Identified the +1 hunting sling of the Bouncing Songs {flame, *Corrode rElec MR++ SInv} (You acquired it on level 4 of the Depths)
 52419 | Depths:4 | Paralysed by a lich for 7 turns
 52525 | Depths:4 | Learned a level 6 spell: Darkness
 52530 | Depths:4 | Learned a level 4 spell: Passage of Golubria
 52606 | Depths:5 | Entered Level 5 of the Depths
 52755 | Depths:5 | Found a gateway to a ziggurat.
 52932 | Depths:5 | Found a gate to the Realm of Zot.
 53004 | Depths:5 | Found a bloodstained altar of Trog.
 53005 | Depths:5 | Found an ancient bone altar of Kikubaaqudgha.
 53005 | Depths:5 | Found a shadowy altar of Dithmenos.
 53084 | Depths:5 | Received a gift from Okawaru
 53345 | Depths:5 | Paralysed by a lich for 4 turns
 53380 | Depths:5 | Paralysed by a great orb of eyes for 7 turns
 53421 | Depths:5 | Noticed a juggernaut
 53546 | Depths:5 | Killed a juggernaut
 53558 | Depths:5 | Got a heavily runed amber ring
 53569 | Depths:5 | Identified the ring of Jeah {rF+ Str+5 SInv} (You took it off a frost giant on level 5 of the Depths)
 53625 | Depths:5 | Reached XP level 26. HP: 237/237 MP: 33/33
 53660 | Depths:5 | Received a gift from Okawaru
 54237 | Zig:1    | Entered Level 1 of a ziggurat
 54271 | Zig:2    | Entered Level 2 of a ziggurat
 54295 | Zig:3    | Entered Level 3 of a ziggurat
 54475 | Zig:4    | Entered Level 4 of a ziggurat
 54502 | Zig:4    | Reached skill level 27 in Fighting
 54541 | Zig:5    | Entered Level 5 of a ziggurat
 54568 | Zig:6    | Entered Level 6 of a ziggurat
 54741 | Zig:6    | Got a pitted short sword
 54832 | Zig:7    | Entered Level 7 of a ziggurat
 54995 | Zig:8    | Entered Level 8 of a ziggurat
 55202 | Zig:9    | Entered Level 9 of a ziggurat
 55229 | Zig:9    | Reached skill level 1 in Hexes
 55293 | Zig:9    | Identified the +2 short sword "Hink" {antimagic, Dex+3} (You found it on level 6 of a ziggurat)
 55297 | Zig:9    | Got a translucent pewter amulet
 55298 | Zig:9    | Identified the amulet "Eczemin" {Regen+ Dex+2} (You found it on level 9 of a ziggurat)
 55325 | Depths:5 | Upgraded the game from 0.19-a0-465-g1d1674b to 0.19-a0-503-g45a6586
 55622 | Vaults:5 | Entered Level 5 of the Vaults
 55622 | Vaults:5 | Noticed an ancient lich
 55689 | Vaults:2 | Bought a book of Transfigurations for 715 gold pieces
 55696 | Vaults:2 | Learned a level 6 spell: Statue Form
 55830 | Vaults:4 | Received a gift from Okawaru
 55830 | Vaults:4 | Reached skill level 1 in Transmutations
 55830 | Vaults:4 | Reached skill level 1 in Earth Magic
 55847 | Vaults:5 | Noticed Sojobo
 55922 | Vaults:4 | Killed an ancient lich
 56102 | Vaults:4 | Reached XP level 27. HP: 134/246 MP: 33/33
 56243 | Vaults:5 | Noticed Frederick
 56402 | Vaults:4 | Killed Frederick
 56625 | Vaults:4 | Received a gift from Okawaru
 56641 | Vaults:4 | Got a transparent hat {god gift}
 56652 | Vaults:4 | Identified the +1 hat of Elitism {rElec rN+ Str+3 Int-5} (Okawaru gifted it to you on level 4 of the Vaults)
 56682 | Vaults:5 | Reached skill level 5 in Earth Magic
 56703 | Vaults:5 | Killed Sojobo
 56726 | Vaults:5 | Reached skill level 5 in Transmutations
 57034 | Vaults:5 | Noticed an ancient lich
 57331 | Vaults:5 | Got a transparent platinum ring
 57334 | Vaults:5 | Identified the ring of the Everdark {MR+ Dex+4 Slay+2} (You found it on level 5 of the Vaults)
 57728 | Vaults:5 | Received a gift from Okawaru
 57734 | Vaults:5 | Got a transparent large shield {god gift}
 57745 | Vaults:5 | Identified the +5 large shield of Lucidity {rPois rCorr Int+4} (Okawaru gifted it to you on level 5 of the Vaults)
 58684 | Vaults:5 | Got a silver rune of Zot
 58774 | Vaults:5 | Killed an ancient lich
 59012 | Crypt:1  | Entered Level 1 of the Crypt
 59272 | Crypt:1  | Received a gift from Okawaru
 59721 | Crypt:1  | Received a gift from Okawaru
 60661 | Crypt:3  | Entered Level 3 of the Crypt
 60785 | Crypt:3  | Reached skill level 10 in Transmutations
 60835 | Crypt:3  | Received a gift from Okawaru
 60835 | Crypt:3  | Reached skill level 10 in Earth Magic
 60953 | Crypt:3  | Found a staircase to the Tomb.
 61036 | Crypt:3  | Noticed Mennas
 61101 | Crypt:3  | Killed Mennas
 61310 | Crypt:3  | Identified the Papyrus of Displaced Companions (You found it on level 3 of the Crypt)
 61321 | Crypt:3  | Learned a level 1 spell: Summon Butterflies
 61384 | Crypt:3  | Found an ancient bone altar of Kikubaaqudgha.
 62068 | Crypt:3  | Noticed an ancient lich
 62095 | Crypt:3  | Killed an ancient lich
 62323 | Crypt:3  | Upgraded the game from 0.19-a0-503-g45a6586 to 0.19-a0-517-gd6a9987
 62794 | Depths:5 | Reached skill level 1 in Spellcasting
 62833 | Zot:1    | Entered Level 1 of the Realm of Zot
 63234 | Zot:1    | Received a gift from Okawaru
 63985 | Zot:2    | Reached skill level 5 in Spellcasting
 64033 | Zot:2    | Noticed an orb of fire
 64067 | Zot:2    | Killed an orb of fire
 64432 | Zot:3    | Received a gift from Okawaru
 64782 | Zot:3    | Upgraded the game from 0.19-a0-517-gd6a9987 to 0.19-a0-1111-gcceb26a
 65124 | Zot:4    | Reached skill level 27 in Dodging
 65720 | Zot:5    | Entered Level 5 of the Realm of Zot
 66106 | Zot:5    | Reached skill level 10 in Spellcasting
 66355 | Zot:5    | Noticed an orb of fire
 66378 | Zot:5    | Killed an orb of fire
 66415 | Zot:5    | Noticed an ancient lich
 66418 | Zot:5    | Noticed an ancient lich
 66419 | Zot:5    | Noticed an orb of fire
 66427 | Zot:5    | Killed an ancient lich
 66427 | Zot:5    | Received a gift from Okawaru
 66435 | Zot:5    | Noticed an ancient lich
 66440 | Zot:5    | Killed an ancient lich
 66451 | Zot:5    | Gained mutation: You are occasionally teleported next to monsters. [an orb of fire]
 66454 | Zot:5    | Killed an orb of fire
 66460 | Zot:5    | Killed an ancient lich
 66523 | Zot:5    | Received a gift from Okawaru
 66600 | Zot:5    | Noticed an ancient lich
 66606 | Zot:5    | Killed an ancient lich
 66607 | Zot:5    | Noticed an orb of fire
 66609 | Zot:5    | Noticed an orb of fire
 66611 | Zot:5    | Noticed an orb of fire
 66620 | Zot:5    | Killed an orb of fire
 66628 | Zot:5    | Gained mutation: You are clumsy. (Dex -2) [an orb of fire]
 66632 | Zot:5    | Killed an orb of fire
 66646 | Zot:5    | Killed an orb of fire
 66688 | Zot:5    | Noticed an orb of fire
 66698 | Zot:5    | Lost mutation: You have an increased reservoir of magic. (+10% MP) [an orb of fire]
 66708 | Zot:5    | Killed an orb of fire
 66708 | Zot:5    | Reached skill level 15 in Earth Magic
 66870 | Zot:5    | Upgraded the game from 0.19-a0-1111-gcceb26a to 0.19-a0-1201-gda63bca
 66946 | Zot:5    | Got the Orb of Zot
 67008 | Zot:5    | Noticed an ancient lich
 67015 | Zot:5    | Killed an ancient lich
 67053 | Zot:4    | Noticed Edghaett the pandemonium lord
 67083 | Zot:4    | Killed Edghaett the pandemonium lord
 67638 | D:1      | Noticed Cun Muo the pandemonium lord
 67661 | D:1      | Killed Cun Muo the pandemonium lord
 67704 | D:1      | Received a gift from Okawaru
 67797 | D:1      | Noticed Avulif the pandemonium lord
 67833 | D:1      | Killed Avulif the pandemonium lord
 67892 | D:1      | Noticed Diloyh the pandemonium lord
 67934 | D:$      | Escaped with the Orb!

Vault maps used:
D:1:      lightli_arrival_isolated_outpost
D:2:      first_bread
D:3:      cheibriados_altar_wand_db, nicolae_overflow_hidden_temple,
          lemuel_crystal_altar, lemuel_doored_altar, uniq_sigmund, uniq_purgy
D:4:      chequers_ossuary_entry_cave, grunt_ministairs_6
D:5:      minmay_stone_trees_medium, hangedman_decor_peaks_small, nrook_uturn
D:6:      grunt_pakellas_sulfur, lemuel_round_altar, lemuel_round_altar,
          overflow_temple_1_default, lemuel_crystal_altar,
          minmay_temple_entry_nine_rooms, serial_shops, nicolae_shop_crystal
D:7:      zin_academy, kennysheep_mini_moat, elyvilon_altar_5
D:8:      nemelex_xobeh_ov_fountains_minmay, minivault_19
D:9:      grunt_temple_overflow_forces_of_nature,
          nicolae_ru_great_annihilating_truth, kennysheep_little_box,
          david_orc_3, hangedman_fish_farm, hangedman_decor_opposing,
          david_defended_altar_elf
D:10:     erik_lair_orcish_takeover, grunt_ministairs_8, st_stairs_6
D:11:     enter_trove_0
D:13:     minmay_expanding_circles, special_room, grunt_ministairs_14,
          uniq_rupert
D:14:     grunt_vaults_entry_tiered, minmay_misc_feat_doors,
          nicolae_for_you_no_charge
D:15:     grunt_enter_depths_snipers, nicolae_gozag_seed_capital,
          minmay_misc_feat_rugged, uniq_sonja
Lair:1:   lemuel_ratsnest, minivault_24
Lair:2:   lemuel_slime, special_room, pond, uniq_gastronok
Lair:3:   worms_lemuel
Lair:4:   swamp_mist_pool
Lair:6:   guppyfry_snake_entry_island, slime_altar_2, small_statue_intersection,
          lemuel_fruit_tree
Lair:7:   grunt_megastairs_1
Lair:8:   minmay_lair_end_enchanted_forest, infiniplex_staircase_pool
Swamp:1:  cheibrodos_swamp_tower_of_moss, evilmike_swamp_ruin_rubble_1,
          swamp_pool3, hangedman_swamp_wriggling
Swamp:2:  evilmike_swamp_ruin_house_3
Swamp:3:  evilmike_swamp_ruin_house_6, swamp_pool1, statue_in_the_mist_lemuel
Swamp:4:  swamp_old_school, uniq_roxanne, uniq_donald
Snake:1:  serial_bayou_shore_a, uniq_azrael
Snake:3:  serial_shops, shop, grunt_megastairs_2
Snake:4:  johnstein_snake_rune_scales, st_stairs_10, uniq_vashnia
Orc:2:    st_orc_town, serial_shops, shop_statue, mines5_lemuel
Elf:1:    eino_elf_arrival_altar, hangedman_elven_crosses_minicolossus,
          nicolae_rare_books, uniq_nikola
Elf:2:    serial_shops, nicolae_shop_behind_doors, nicolae_elf_big_sculpture_3,
          minivault_14
Elf:3:    grunt_elf_hall_branching
Vaults:1: vaults_mumra_chevron, ontoclasm_vaults_twist,
          nicolae_vaults_network_s, ontoclasm_vaults_spin,
          nicolae_vaults_network_quinsquares, nicolae_vaults_asterisk,
          uniq_jorgrun
Vaults:2: ontoclasm_vaults_ring_square, nicolae_vaults_inception_statues,
          nicolae_vaults_three_branches, hangedman_vaults_corner_blocks,
          nicolae_vaults_little_squares_2, v_misc_13, v_misc_27,
          hangedman_vaults_slice, nicolae_vaults_ninety_degrees,
          nicolae_vaults_rhombus_5, nicolae_vaults_network_star, v_rooms_6,
          serial_shops, bzr_entry_islet, shop, shop, shop_statue, shop
Vaults:3: blue_anna_dwarven_crypt, grunt_vaults_focal, v_pattern_2,
          vaults_room_large_hall, v_alt_pattern_2, v_misc_12,
          ontoclasm_vaults_eye, vaults_room_semicircle, serial_shops, shop
Vaults:4: nicolae_vaults_little_ls, v_misc_33, nicolae_vaults_quartermaster,
          vaults_room_semicircle, v_misc_29, nicolae_vaults_circle_grid_a,
          nicolae_vaults_specimen_jars, hangedman_vaults_capsules, v_misc_13,
          ontoclasm_vaults_chip, grunt_vaults_hallway_short,
          hangedman_vaults_stagger, serial_shops, nicolae_shop_statue_plus,
          uniq_saint_roka
Vaults:5: uniq_sojobo, uniq_frederick
Crypt:1:  grunt_crypt_arrival_guarded_gate
Crypt:2:  wad_floor_pattern_1
Crypt:3:  evilmike_haunted_forest, uniq_mennas
Depths:1: hell_entry, serial_shops, bzr_firewalk,
          nicolae_shop_competitors_out_of_business, shop, fountainhead,
          minmay_misc_feat_tiny, spider_trap, minmay_door_square,
          kennysheep_dice
Depths:2: minmay_eyes, hell_entry, serial_co_window_serial, co_window_paths_b,
          co_window_cross_1, co_window_corner_a, co_window_paths_b,
          co_window_paths_b, co_window_broadway_b, co_window_corner_cb,
          co_window_2corner, glass_columns_a, glass_columns_b, glass_columns_b,
          glass_columns_a, glass_columns_c
Depths:3: ragdoll_tomb_raider, hell_entry, minmay_strange_pillars, pan_entry
Depths:4: grunt_twisty_corner, abyss_entry, grunt_hell_entry_dis_grunt,
          hangedman_abyss_or_decor_stabs
Depths:5: hangedman_slaughterboxes, hell_entry, pan_entry
Zot:2:    kennysheep_blocky_hall, basic_stair_grate_trap
Zot:3:    st_stairs_14, basic_stair_grate_trap
Zot:5:    hangedman_zot_diagonal_lockstep, nicolae_lava_and_water
Abyss:3:  hangedman_abyss_theft, nicolae_abyss_rune_left_handed,
          hangedman_stitches_earthworm
Abyss:4:  evilmike_abyss_exit_12, nicolae_abyss_rune_left_handed,
          evilmike_abyss_exit_17
Zig:6:    ziggurat_pillar_centre_oklobs
Bazaar:   bazaar_jpeg_honeycomb, bazaar_minmay_row
Trove:    trove_garden
Ossuary:  ossuary_minmay_scorpions

Skill      XL: |  1  2  3  4  5  6  7  8  9 10 11 12 13 14 15 16 17 18 19 20 21 22 23 24 25 26 27 |
---------------+----------------------------------------------------------------------------------+-----
Short Blades   | 3 4 5 6 7 9 10 | 10.1
Fighting       | 4 5 7 8 10 11 13 14 15 17 18 19 20 22 23 24 26 27 | 27.0
Stealth        | 5 9 12 16 19 24 27 | 27.0
Dodging        | 4 6 9 12 13 15 17 19 20 22 27 | 27.0
Shields        | 8 11 14 15 | 15.0
Invocations    | 5 8 10 | 10.0
Hexes          | 2 |  2.1
Transmutations | 3 11 | 11.0
Earth Magic    | 3 16 | 16.4
Spellcasting   | 14 | 14.9

Action                   |  1- 3 |  4- 6 |  7- 9 | 10-12 | 13-15 | 16-18 | 19-21 | 22-24 | 25-27 || total
-------------------------+-------+-------+-------+-------+-------+-------+-------+-------+-------++-------
Melee: Rapier            |     6 |       |       |       |       |       |       |       |       ||     6
       Constrict         |    15 |    41 |   103 |   188 |   147 |   191 |   159 |   170 |   348 ||  1362
       Dagger            |    44 |   156 |   523 |   479 |       |       |       |       |       ||  1202
       Tentacles         |    11 |    33 |   135 |   310 |   560 |   615 |   815 |  1235 |  2268 ||  5982
       Short sword       |       |       |       |   310 |       |       |       |       |       ||   310
       Punch             |       |       |       |     5 |    14 |     2 |    12 |    16 |    77 ||   126
       Quick blade       |       |       |       |   442 |  1557 |  1650 |  2007 |  2584 |  4483 || 12723
       Kick              |       |       |       |       |       |    43 |  1200 |  1851 |  3398 ||  6492
 Fire: Blowgun           |       |       |    11 |     1 |       |       |       |       |       ||    12
 Cast: Statue Form       |       |       |       |       |       |       |       |       |    11 ||    11
       Regeneration      |       |       |       |       |       |       |       |       |     2 ||     2
Invok: Heroism           |       |       |       |     3 |     5 |     2 |     4 |     3 |    17 ||    34
       Finesse           |       |       |       |     1 |     6 |     3 |     4 |     4 |    21 ||    39
Evoke: Wand              |       |       |       |       |     2 |     1 |     5 |     3 |    16 ||    27
  Use: Potion            |       |     3 |     7 |     4 |     1 |    21 |     3 |     5 |    21 ||    65
       Scroll            |       |       |    10 |    12 |     7 |    13 |    14 |    11 |    28 ||    95
 Stab: Sleeping          |     5 |     4 |    14 |    46 |    67 |    46 |   115 |   151 |   159 ||   607
       Distracted        |       |       |     2 |     5 |     4 |    15 |    12 |    13 |    37 ||    88
       Paralysed         |       |       |       |     1 |       |       |       |       |       ||     1
       Petrified         |       |       |       |       |     1 |       |       |       |       ||     1
       Invisible         |       |       |       |       |       |     1 |       |       |       ||     1
  Eat: Bread ration      |       |     1 |     2 |     1 |     1 |     2 |     4 |     4 |     7 ||    22
       Meat ration       |       |     1 |       |     3 |     3 |     2 |     3 |     1 |     6 ||    19
       Chunk             |       |       |     5 |     7 |     7 |     4 |       |     1 |     1 ||    25
       Fruit             |       |       |     1 |       |       |       |     1 |     1 |       ||     3
       Pizza             |       |       |       |     3 |       |     1 |     2 |     1 |     1 ||     8
       Beef jerky        |       |       |       |       |       |     4 |     1 |     1 |       ||     6
       Royal jelly       |       |       |       |       |       |       |       |     2 |       ||     2
Armor: Skin              |     6 |    17 |    87 |    29 |    23 |    19 |    17 |    51 |   190 ||   439
Dodge: Dodged            |    12 |    73 |   123 |   246 |   223 |   452 |   325 |   479 |  1340 ||  3273
Block: Shield            |    22 |    55 |   189 |   574 |   634 |   710 |   839 |   926 |  2092 ||  6041
       Reflection        |       |       |       |     8 |    15 |     1 |   117 |    37 |    63 ||   241
